 Dungeon Sprint DCSS version 0.30-a0-1112-gfb780f5df6 (webtiles) character file.

Game seed: 14823277367718995471

1421 sircluck the Crack Shot (level 9, -3/55 HPs)
             Began as a Kobold Hunter on Apr 19, 2023.
             Slain by an apocalypse crab (13 damage)
             ... in the Dungeon (Sprint V: "Ziggurat Sprint").
             The game lasted 00:01:47 (270 turns).

sircluck the Crack Shot (Kobold Hunter)              Turns: 270, Time: 00:01:48

Health: -3/55      AC:  4    Str:  8    XL:     9   Next: 2%
Magic:  9/9        EV: 19    Int: 11    God:
Gold:   0          SH:  0    Dex: 22    Spells: 8/8 levels left

rFire   . . .      SeeInvis +    C - +27 heavy crossbow "Sniper" {heavy, Acc+∞ SInv}
rCold   . . .      Faith    .    (shield currently unavailable)
rNeg    . . .      Spirit   .    c - +0 leather armour
rPois   .          Reflect  .    (no helmet)
rElec   .          Rampage  +    (no cloak)
rCorr   .          NoTele   +    (no gloves)
Will    .....                    D - +2 pair of boots {rampage}
Stlth   ++                       (no amulet)
HPRegen 0.29/turn                (no ring)
MPRegen 0.11/turn                (no ring)

@: confused, mighty
A: small, no large weapons, nightstalker 3, deformed body
a: no special abilities


You were in the Dungeon.
You visited 1 branch

Inventory:

Hand Weapons
 a - a +0 shortbow
 C - the +27 heavy crossbow "Sniper" (weapon) {heavy, Acc+∞ SInv}
   (You found it in the Dungeon)

   Acc+∞: It never misses its target.
   SInv:      It lets you see invisible.
Armour
 c - a +0 leather armour (worn)
 D - a +2 pair of boots of rampaging (worn)
Jewellery
 v - a ring of flight
 w - a +6 ring of dexterity
 x - a +6 ring of dexterity
 y - a +6 ring of intelligence
 z - a +6 ring of intelligence
 A - a +6 ring of strength
 B - a +6 ring of strength
Wands
 s - a wand of mindburst (25)
 t - a wand of iceblast (7)
 u - a wand of acid (7)
 E - a wand of flame (8)
Scrolls
 b - a scroll of immolation
 i - 4 scrolls of blinking
 o - 4 scrolls of amnesia
 p - 7 scrolls of fog
 q - 5 scrolls of identify
 r - 2 scrolls of fear
Potions
 d - 10 potions of curing
 e - 10 potions of heal wounds
 f - 10 potions of haste
 g - 7 potions of magic
 h - 3 potions of berserk rage
 j - 2 potions of brilliance
 k - 2 potions of invisibility
 l - 4 potions of resistance
 m - a potion of experience
 n - 5 potions of might


   Skills:
 + Level 5.6 Fighting
 + Level 21.7 Ranged Weapons
 + Level 0.6 Armour
 + Level 7.1 Dodging
 + Level 3.9 Stealth


You had 8 spell levels left.
You didn't know any spells.
Your spell library contained the following spells:

 Spells                   Type           Power      Damage    Failure   Level
 Conjure Ball Lightning   Conj/Air       0%         3x3d6     100%        6
 Discord                  Hex            0%         N/A       100%        8
 Disjunction              Tloc           0%         N/A       100%        8


Dungeon Overview and Level Annotations

Branches:
Dungeon (1/1)

Altars:
Ashenzari
Cheibriados
Dithmenos
Elyvilon
Fedhas
Gozag
Hepliaklqana
Kikubaaqudgha
Makhleb
Nemelex Xobeh
Okawaru
Qazlal
Ru
Sif Muna
Trog
Uskayaw
Vehumet
Wu Jian
Xom
Yredelemnul
Zin
The Shining One
Jiyva
Lugonu

Annotations:
D 1 transporter


Innate Abilities, Weirdness & Mutations

You are small and have problems with some larger weapons.
You are completely attuned to the shadows.
Armour fits poorly on your strangely shaped body.


Message History

You feel very mighty all of a sudden. The apocalypse crab closely misses you.
The quasit bites you. The quasit completely misses you.
The quasit claws you but does no damage.
You are too confused!
You are too confused!
Unknown command.
You are too confused!
Unknown command.
You are too confused!
Unknown command.
You are too confused!
Non-targeted confused fire: C) +27 heavy crossbow "Sniper" {heavy, Acc+∞ SInv}
Press: ? - help, Q - select action, (/) - cycle Dir - look around, f - activate You shoot a bolt.
The apocalypse crab breathes chaos at you.
The blast of chaos engulfs you.
The neqoxec is engulfed in seething chaos.
The neqoxec gestures at you.
Strange energies course through your body.
Your body twists and deforms.
The ancient lich is engulfed in seething chaos.
The ancient lich completely misses you.
The apocalypse crab is engulfed in seething chaos.
The apocalypse crab completely misses you.
The apocalypse crab barely misses you.
The crimson imp is engulfed in seething chaos.
The crimson imp seems to grow stronger.
The crimson imp completely misses you.
The neqoxec is engulfed in seething chaos.
The neqoxec hits you!
The crimson imp is engulfed in seething chaos.
The crimson imp suddenly seems more agile.
The neqoxec is engulfed in seething chaos.
The neqoxec hits you.
The apocalypse crab is engulfed in seething chaos.
The apocalypse crab is moving more slowly.
The apocalypse crab misses you. The apocalypse crab claws you!
* * * LOW HITPOINT WARNING * * *
You are engulfed in flames!
You die...

▓........▓........
▓.▓....▓.▓.▓....▓.
▓...©....▓...©....
▓▓▓▓▓▓▓▓▓▓▓▓▓▓▓▓▓▓
▓..8©8..▓
▓..||)..▓
▓..):"..▓
▓..3t5..▓
▓..L@5..▓
▓..5.§..▓
▓.......▓
▓.......▓
▓...©...▓
▓▓▓▓▓▓▓▓▓


You could see an ancient lich (fast, invisible), an apocalypse crab
(petrifying), a neqoxec, a quasit and 2 crimson imps.

Vanquished Creatures
  A cyclops (D)
  A troll (D)
  A yak (D)
  2 ice beasts (D)
  2 ogres (D)
  2 bullfrogs (D)
  2 necrophages (D)
  An iguana (D)
  A river rat (D)
  3 white imps (D)
  An ufetubus (D)
  A bat zombie (D)
18 creatures vanquished.

Notes
Turn   | Place    | Note
-------+----------+-------------------------------------------
     0 | D        | sircluck the Kobold Hunter began the quest for the Orb.
     0 | D        | Reached XP level 1. HP: 12/12 MP: 1/1
     0 | D        | Found a glowing golden altar of the Shining One.
     1 | D        | Found a broken altar of Ashenzari.
     1 | D        | Found a snail-covered altar of Cheibriados.
     1 | D        | Found a shadowy altar of Dithmenos.
     5 | D        | Found a radiant altar of Vehumet.
    13 | D        | Found a sacrificial altar of Ru.
    13 | D        | Found a shimmering blue altar of Sif Muna.
    13 | D        | Found a stormy altar of Qazlal.
    13 | D        | Found a bloodstained altar of Trog.
    13 | D        | Found an iron altar of Okawaru.
    14 | D        | Found a hide-covered altar of Uskayaw.
    19 | D        | Found a sparkling altar of Nemelex Xobeh.
    19 | D        | Found the +6 Majin-Bo {spellvamp, MP+6 Int+6}
    19 | D        | Found the +27 heavy crossbow "Sniper" {heavy, Acc+∞ SInv}
    19 | D        | Found the +10 dark maul {heavy}
    19 | D        | Found the +15 Maxwell's patent armour {-Cast -Tele rElec
                  | Will+ rCorr}
    19 | D        | Found the +18 shield of the Gong {Loud rN+ Will+ rCorr
                  | EV-5}
    19 | D        | Found the +16 obsidian axe {drain, demonic, Mesm Drain Fly
                  | SInv}
    19 | D        | Found the +7 great mace "Firestarter" {flame, immolate,
                  | rFlCloud rF++}
    19 | D        | Found the +6 shillelagh "Devastator" {shatter}
    19 | D        | Found the +11 plutonium sword {Contam Stlth-}
    19 | D        | Found the +8 lance "Wyrmbane" {slay drac, rPois rF+ rC+
                  | AC+3}
    19 | D        | Found the +9 sword of Zonguldrok {reap}
    19 | D        | Found the +13 scythe of Curses {drain, curses, Drain}
    19 | D        | Found the +9 sword of Power {lifebolt}
    19 | D        | Found the +7 mace of Variability {chaos, chaos arc}
    19 | D        | Found the +11 Singing Sword {sonic wave}
    19 | D        | Found the +8 storm bow {elec, penet}
    21 | D        | Found a corrupted altar of Lugonu.
    21 | D        | Found an ancient bone altar of Kikubaaqudgha.
    21 | D        | Found a burning altar of Makhleb.
    21 | D        | Found a transporter.
    23 | D        | Found a viscous altar of Jiyva.
    25 | D        | Found a hazy altar of Hepliaklqana.
    27 | D        | Found an opulent altar of Gozag.
    29 | D        | Found a white marble altar of Elyvilon.
    29 | D        | Found a blossoming altar of Fedhas.
    53 | D        | Entered arena 2.
    55 | D        | Reached skill level 7 in Ranged Weapons
    55 | D        | Reached XP level 2. HP: 18/18 MP: 2/2
    56 | D        | Found a transporter.
    64 | D        | Entered arena 3.
    65 | D        | Noticed a necrophage
    65 | D        | Noticed a necrophage
    66 | D        | Killed a necrophage
    67 | D        | Reached skill level 10 in Ranged Weapons
    67 | D        | Reached XP level 3. HP: 23/23 MP: 3/3
    67 | D        | Reached XP level 4. HP: 28/28 MP: 4/4
    67 | D        | Killed a necrophage
    68 | D        | Reached skill level 12 in Ranged Weapons
    68 | D        | Reached XP level 5. HP: 32/32 MP: 5/5
    69 | D        | Found a transporter.
    74 | D        | Entered arena 4.
    74 | D        | Noticed a cyclops
    75 | D        | Killed a cyclops
    76 | D        | Reached skill level 18 in Ranged Weapons
    76 | D        | Reached skill level 5 in Dodging
    76 | D        | Reached XP level 6. HP: 39/39 MP: 6/6
    76 | D        | Reached XP level 7. HP: 44/44 MP: 7/7
    76 | D        | Noticed a troll
    79 | D        | Killed a troll
    80 | D        | Reached skill level 5 in Fighting
    80 | D        | Reached skill level 19 in Ranged Weapons
    80 | D        | Reached XP level 8. HP: 9/49 MP: 8/8
    81 | D        | Reached skill level 20 in Ranged Weapons
   222 | D        | Found a transporter.
   232 | D        | Entered arena 5.
   238 | D        | Found a transporter.
   252 | D        | Entered arena 6.
   252 | D        | Noticed a yak
   253 | D        | Killed a yak
   254 | D        | Reached skill level 21 in Ranged Weapons
   258 | D        | Reached XP level 9. HP: 54/54 MP: 9/9
   259 | D        | Found a transporter.
   265 | D        | Entered arena 7.
   267 | D        | Noticed an ancient lich
   267 | D        | Noticed an apocalypse crab
   268 | D        | Found a transporter.
   270 | D        | Gained mutation: Armour fits poorly on your strangely
                  | shaped body. [a neqoxec]
   270 | D        | Slain by an apocalypse crab

Illustrated notes

Levels and vault maps discovered:
D:        sprint_v [room_start, room_1, room_2, room_3, room_4, room_5, room_6,
          room_7, room_8, room_9, room_10, room_11, room_12, room_13, room_14,
          room_15, room_16, room_17, room_18, room_19, room_20, room_21,
          room_22, room_23, room_24, room_25, room_26, room_27]

Skill      XL: |  1  2  3  4  5  6  7  8 |
---------------+-------------------------+-----
Ranged Weapons | 7 10 12 18 19 21 | 21.7
Fighting       | 3 4 5 |  5.6
Dodging        | 3 4 5 6 7 |  7.1
Stealth        | 2 3 |  3.9
Armour         | |  0.6

Action                     |  1- 3 |  4- 6 |  7- 9 || total
---------------------------+-------+-------+-------++-------
   Fire: Heavy crossbow    |     3 |     3 |    15 ||    21
 Armour: Leather armour    |       |       |     1 ||     1
  Dodge: Dodged            |     8 |       |    19 ||    27

Table legend: (Time is in decaauts)
 A = Elapsed time spent in this place.
 B = Non-inter-level travel time spent in this place.
 C = Inter-level travel time spent in this place.
 D = Time resting spent in this place.
 E = Time spent auto-exploring this place.
 F = Levels seen in this place.
 G = Mean time per level.
                   A        B        C        D        E       F      G
               +--------+--------+--------+--------+--------+-----+--------+
         Total |    299 |    299 |      0 |    141 |      1 |   1 |  299.0 |
       Dungeon |    299 |    299 |      0 |    141 |      1 |   1 |  299.0 |
               +--------+--------+--------+--------+--------+-----+--------+

Top non-repeatable levels by time:
       D: 299 daAuts
